Cogmind - Beta 14 @@@ ROGUE MODE // 2025.05.02 @ 13:57:58 Player: Quartz Result: Destroyed by G-34 Mercenary with Small Laser Performance ------------- Evolutions (0) 0 Regions Visited (1) 200 Robots Destroyed (11) 55 Value Destroyed (245) 245 Prototype IDs (0) 0 Alien Tech Used (0) 0 Bonus (0) 0 TOTAL SCORE: 500 Bonus ------- None Cogmind --------- Core Integrity 0/250 Matter 261/300 Energy 100/100 System Corruption 0% Temperature Cool (6) Movement Core (50) Location -10/Materials Parts ------- > --- POWER (1) -------- (None) > --- PROPULSION (2) --- (None) > --- UTILITY (2) ------ (None) > --- WEAPON (2) ------- (None) > --- INVENTORY (5) ---- Heat Sink Sensor Array Medium Laser Datajack Peak State ------------ > --- POWER ------------ Light Ion Engine > --- PROPULSION ------- Wheel Wheel > --- UTILITY ---------- Small Storage Unit > --- WEAPON ----------- Light Assault Rifle Light Assault Rifle > --- INVENTORY -------- Ion Engine Aluminum Leg Aluminum Leg Heat Sink Assault Rifle [Rating: 6] Favorites ----------- Power Light Ion Engine Engine Light Ion Engine Propulsion Wheel Leg Aluminum Leg Wheel Wheel Utility Small Storage Unit Storage Small Storage Unit Weapon Light Assault Rifle Energy Gun Medium Laser Ballistic Gun Light Assault Rifle Launcher Grenade Launcher Build | -11 -10 ------- Run | Yrd Mat Slots Evolved . | . . Power . | . . Propulsion . | . . Utility . | . . Weapon . | . . Parts Attached 15 | 6 9 Power 2 | 1 1 Engine 2 | 1 1 Core . | . . Reactor . | . . Propulsion 5 | 3 2 Treads . | . . Leg 3 | 1 2 Wheel 2 | 2 . Hover . | . . Flight . | . . Utility 1 | . 1 Device . | . . Storage 1 | . 1 Processor . | . . Hackware . | . . Protection . | . . Artifact . | . . Weapon 7 | 2 5 Energy Gun 2 | . 2 Energy Cannon . | . . Ballistic Gun 3 | 2 1 Ballistic Cannon . | . . Launcher 2 | . 2 Special Weapon . | . . Impact Weapon . | . . Slashing Weapon . | . . Piercing Weapon . | . . Special Melee Weapon . | . . Unidentified Prototypes . | . . Parts Lost 7 | . 7 Power 1 | . 1 Propulsion 3 | . 3 Utility 1 | . 1 Weapon 2 | . 2 Highest Loss Streak 7 | . 7 To Critical Strikes . | . . Average Slot Usage (%) 75 | . 75 Engine 10 | . 10 Leg 5 | . 5 Wheel 18 | . 18 Storage 14 | . 14 Energy Gun 10 | . 10 Ballistic Gun 8 | . 8 Launcher 5 | . 5 Peak Build Rating 6 | 5 6 Average Rating 4 | 2 5 On Entrance 2 | . 5 Naked Turns 1 | . 1 Heaviest Build 15 | 5 15 Greatest Support 20 | 20 20 Greatest Overweight (x) 1 | . 1 Average Overweight (x) . | . . Largest Inventory Capacity 8 | 5 8 Average Capacity 6 | 5 7 Most Carried 7 | 5 7 Average Carried 3 | 1 5 Final Capacity 5 | 5 5 Final Carried 5 | 5 4 Class Distribution -------------------- 100% | Mutant Dominant Class ---------------- Mutant | -10/Materials Resources | -11 -10 ----------- Run | Yrd Mat Matter Collected 367 | 268 99 Remotely . | . . Salvage Created 324 | 34 290 Parts 22 | 3 19 Haulers Intercepted . | . . Recyclers Shooed . | . . Parts Field Recycled . | . . Retrieved Matter . | . . Parts Self-Destructed . | . . Prevented . | . . Kills | -11 -10 ------- Run | Yrd Mat Combat Hostiles Destroyed 7 | 1 6 Guns 5 | 1 4 AOE 2 | . 2 Classes Destroyed 5 | 1 4 Builder 1 | . 1 Recycler 2 | . 2 Watcher 1 | . 1 Swarmer 3 | . 3 Grunt 4 | 1 3 Best Kill Streak 6 | 1 6 Combat Bots Only 3 | 1 3 Max Kills in Single Turn 3 | 1 3 Gunslinging 1 | . 1 Exploded 2 | . 2 Melee . | . . Uniques/NPCs Destroyed . | . . Combat | -11 -10 -------- Run | Yrd Mat Hostile Shots Fired 111 | 4 107 Missed 20 | 3 17 Damage Taken 1011 | 11 1000 Core 253 | . 253 Absorbed by Shields . | . . Core Remaining (%) 100 | 100 . Volleys Fired 27 | 4 23 Largest 2 | 2 2 Hottest 100 | 40 100 Shots Fired 48 | 8 40 Gun 44 | 8 36 Cannon . | . . Launcher 4 | . 4 Special . | . . Kinetic 23 | 8 15 Thermal 21 | . 21 Explosive 4 | . 4 Electromagnetic . | . . Robot Hit Streak 10 | 2 10 Robot Miss Streak 2 | 1 2 Penetration Max . | . . Secondary Targets 1 | . 1 Max Gunslinging Chain 1 | . 1 Shots Hit Robots 29 | 4 25 Core Hits 17 | 3 14 Critical Kills . | . . Critical Parts Destroyed . | . . Critical Strikes 1 | . 1 Burn 1 | . 1 Melee Attacks . | . . Impact . | . . Slashing . | . . Piercing . | . . Sneak Attacks . | . . Combat Hostiles . | . . Follow-up Attacks . | . . Damage Inflicted 964 | 46 918 Guns 306 | 46 260 Cannons . | . . Explosions 658 | . 658 Melee . | . . Ramming . | . . Kinetic 154 | 46 108 Thermal 620 | . 620 Explosive 190 | . 190 Electromagnetic . | . . Impact . | . . Slashing . | . . Piercing . | . . Highest Corruption . | . . Average Corruption . | . . Corruption Purged . | . . Corruption Blocked . | . . Overload Shots . | . . Overflow Damage 57 | . 57 Projectiles . | . . Explosions 57 | . 57 Melee . | . . Knockbacks . | . . Impact . | . . Kinetic . | . . Secondary . | . . Self-Inflicted Damage 36 | . 36 Shots 1 | . 1 Rammed . | . . Targets Rammed . | . . Kicked . | . . Crushed . | . . Highest Temperature 234 | . 234 Average Temperature 106 | . 106 Received Heat Transfer 462 | 6 456 Siege Activations . | . . Robots Corrupted . | . . Combat Hostiles . | . . Parts Fried . | . . Impact Corruptions . | . . Robots Melted . | . . Combat Hostiles . | . . Parts Melted 2 | . 2 Heat Transferred 818 | . 818 Parts Sabotaged . | . . Parts Stolen . | . . Parts Stripped . | . . Power Chain Reactions . | . . Alert | -11 -10 ------- Run | Yrd Mat Peak Influence 293 | 20 293 Initial 13 | . 13 Average 67 | 1 137 Maximum Alert Level 1 | . 1 Low Security (%) 84 | 100 67 Level 1 15 | . 32 Level 2 . | . . Level 3 . | . . Level 4 . | . . Level 5 . | . . High Security . | . . Max Security . | . . Squads Dispatched 1 | . 1 Investigation 1 | . 1 Extermination . | . . Reinforcement . | . . Assault . | . . Garrison . | . . Intercept . | . . Searches Triggered . | . . Construction Impeded . | . . Haulers Reinforced . | . . Active Scanning Responses . | . . Cargo Convoy Interrupts . | . . Stealth | -11 -10 --------- Run | Yrd Mat Distress Signals 1 | . 1 Communications Jammed . | . . Distress Signals . | . . Times Spotted 16 | 1 15 Peak Tracking Total 7 | 1 7 Tactical Retreats 2 | . 2 Traps | -11 -10 ------- Run | Yrd Mat Traps Triggered . | . . Indirectly . | . . Trap Hack Attempts . | . . Triggered . | . . Disarmed . | . . Reprogrammed . | . . Reused . | . . Traps Extracted . | . . Installed . | . . Triggered . | . . Machines | -11 -10 ---------- Run | Yrd Mat Machines Disabled 2 | . 2 Max in Single Turn 2 | . 2 Machines Repaired . | . . Machines Dismantled . | . . Machines Sabotaged . | . . Overloaded Fab Kills . | . . Hacking | -11 -10 --------- Run | Yrd Mat Machines Accessed 1 | . 1 Terminals 1 | . 1 Fabricators . | . . Repair Stations . | . . Recycling Units . | . . Scanalyzers . | . . Garrison Access . | . . Total Hacks 3 | . 3 Successful 2 | . 2 Failed 1 | . 1 Catastrophic 1 | . 1 Database Lockouts . | . . Manual . | . . Terminals 3 | . 3 Fabricators . | . . Repair Stations . | . . Recycling Units . | . . Scanalyzers . | . . Garrison Access . | . . Terminal Hacks 2 | . 2 Record 2 | . 2 Fabricator Hacks . | . . Repair Station Hacks . | . . Recycling Unit Hacks . | . . Scanalyzer . | . . Garrison Access Hacks . | . . Unauthorized Hacks . | . . Terminals . | . . Fabricators . | . . Repair Stations . | . . Recycling Units . | . . Scanalyzers . | . . Garrison Access . | . . Data Cores Recovered . | . . Used . | . . Hacking Detections 1 | . 1 Full Trace Events 1 | . 1 Feedback Events . | . . Feedback Blocked . | . . Robot Schematics Acquired . | . . Robots Built . | . . Authchips . | . . Time . | . . Total Robot Build Rating . | . . Part Schematics Acquired . | . . Parts Built . | . . Authchips . | . . Time . | . . Total Part Build Rating . | . . Parts Repaired . | . . Time . | . . Parts Recycled . | . . Recycled Matter . | . . Retrieved Matter . | . . Retrieved Components . | . . Parts Scanalyzed . | . . Part Schematics Acquired . | . . Parts Damaged . | . . Bothacking | -11 -10 ------------ Run | Yrd Mat Used RIF Installer . | . . Robots Hacked . | . . Non-combat . | . . Combat . | . . Robot Hacks Applied . | . . Relay Couplers Released . | . . Fabnet Peak Effective % . | . . Robots Rewired . | . . Allies Hacked . | . . Hacks Repelled . | . . Allies | -11 -10 -------- Run | Yrd Mat Total Allies . | . . Largest Group . | . . Highest-Rated Group . | . . Highest-Rated Ally . | . . Total Orders . | . . Ally Attacks . | . . Total Damage . | . . Kills . | . . Allies Corrupted . | . . Allies Melted . | . . Intel | -11 -10 ------- Run | Yrd Mat Robot Analysis Total . | . . Derelict Logs Recovered . | . . Drone Launches . | . . Drone Recoveries . | . . Exploration | -11 -10 ------------- Run | Yrd Mat Turns Passed 366 | 189 177 Spaces Moved 135 | 73 62 Core 24 | 24 . Treads . | . . Legs 1 | . 1 Wheels 110 | 49 61 Hover . | . . Flight . | . . Fastest Speed 50 | 50 80 Average Speed 75 | 70 80 Slowest Speed 120 | 80 120 Overloaded Moves . | . . Propulsion Burnouts . | . . Robots Hopped . | . . Cave-ins Triggered . | . . Exploration Rate (%) 10 | 5 16 Regions Visited 1 Branch Regions . Pre-discovered Areas . | . . Known Exits Taken . | . . Unknown Exits Taken 1 | 1 . Scrap Searched . | . . Spaces Dug . | . . Terrain Destroyed 37 | . 37 Melee . | . . Projectile . | . . AOE 37 | . 37 Terrain Rammed . | . . Walls Destroyed . | . . Machines Disabled . | . . Actions | -11 -10 --------- Run | Yrd Mat Total 353 | 204 149 Wait 153 | 111 42 Move 134 | 72 62 Hop . | . . Pick Up 16 | 10 6 Fast Attach 1 | . 1 Attach 8 | 6 2 Detach 2 | 1 1 Swap 6 | . 6 Drop 6 | . 6 Fire 27 | 4 23 Melee . | . . Ram . | . . Kick . | . . Crush . | . . Escape Stasis . | . . Rewire . | . . Trap . | . . Miscellaneous . | . . Route ------- -11/Scrapyard -10/Materials History --------- Turn | Location | Event 2 | -11/Scrapyard | Met Revision 17 113 | -11/Scrapyard | Discovered new exit (range 8) 190 | -11/Scrapyard | Entered Materials 334 | -10/Materials | Build established: Mutant 351 | -10/Materials | Core integrity fell below 50% 363 | -10/Materials | Core integrity fell below 20% 367 | -10/Materials | Destroyed by G-34 Mercenary with Small Laser Last Messages --------------- 00309_ G-47 Trooper destroyed. 00309_ Destroyed Sml. Laser. 00309_ Fusion Modulator explodes. 00309_ Destroyed Aluminum Leg. Overweight warning: You are carrying more than your current propulsion can efficiently support, which slows movement; see status page ('s') or the top of the parts list for the specific mass vs. support values. You may prefer to play using a different font style. Try some of the others via the option menu's second option. 00313_ Dropped Wheel. [Achievement: Crack Shot] 00327_ Ion Engine destroyed. 00342_ Grenade Launcher destroyed. 00345_ Aluminum Leg destroyed. 00355_ Assault Rifle destroyed. 00366_ Sml. Storage Unit destroyed. [Achievement: First Step to Greatness] Map ----- +----------------------------------------------------+ | ?????????+ # #???????????????????????? | | ?????????# [[ + #???????????????????????? | | ?????????# [[ # #???????????????????????? | | ?????????# [ [ # #???????????????????????? | | ?????????# % + " #???????????????????????? | | ?????????# = # T #???????????????????????? | | ?????????# # " #???????????????????????? | | ?????????# # #???????????????????????? | | ?????????# ###### ######???????????????????????? | | ?????????# ?????#[#????????????????????????????? | | ?????????# ?????#!#?????? ?????????????????????? | | ?????????# ######+####??? ?????????????????????? | | ?????????# ?# *=[*==#??? ?????????????????????? | | ?????????# ?# = %[% #??? ?????????????????????? | | ????????? ?# """ """%#??? ?????????????????????? | | ????????? ???# """%""" #??# #????????????????????? | | ???????????? + """[""" #?? ????????????????????? | | ??????????? # *= + ????????????????????? | | ??????????" ?# ### ????????????????????? | | ?????????????# #??# ##???????????????????? | | ?????????????#########/#??# #???????????????????? | | ?????????????????????# #??# #???????????????????? | | ?????????????????????# #??# #???????????????????? | | ????????????????????## ##?# #???????????????????? | | ????????????????????# ### #???????????????????? | | ????????????????????# g@g #???????????????????? | | ????????????????????# ###!g#???????????????????? | | ????????????????????#####?#%! ?????????????????? | | ??????????????????????????#! #??????????????? | | ??????????????????????????# #??????????????? | | ??????????????????????????# #??????????????? | | ?????????????????????????? "?????????????? | | ?????????????????????????? % ????????????? | | ?????????????????????????? ??????????? | | ?????????????????????????? ?????????? | | ?????????????????????????? % ??????????? | | ??????????????????????????" ??????????? | | ??????????????????????????" ????????????? | | ??????????????????????????" ??????????????? | | ??????????????????????????" ?????????????????? | | ??????????????????????????""""???????????????????? | | ?????????????????????????????????????????????????? | | ?????????????????????????????????????????????????? | | ?????????????????????????????????????????????????? | | ?????????????????????????????????????????????????? | | ?????????????????????????????????????????????????? | | ?????????????????????????????????????????????????? | | ?????????????????????????????????????????????????? | | ?????????????????????????????????????????????????? | | ?????????????????????????????????????????????????? | +----------------------------------------------------+ Best States ------------- Heat Dissipation 25 Energy Generation 10 Energy Capacity 250 Matter Stores 300 Matter Capacity 300 Sight Range 16 Terrain Scan Density 10 Evasion (%) 50 Item Schematics ----------------- None Robot Schematics ------------------ None Fabricated ------------ Nothing Alien Tech Used ----------------- None Achievements -------------- Crack Shot First Step to Greatness One Hack Too Far Challenges ------------ None Game ------ Seed DefenseBackupRecalibrator Manual? 0 Play Time 00:16:24 Cumulative 0.2 hours Start 2025.05.02 @ 13:37:10 End 2025.05.02 @ 13:57:58 Sessions 1 Manual Loads 0 Difficulty Rogue Special Mode None Game No. 1 Rogue 1 Adventurer 0 Explorer 0 Win Type - Total 0 Types 0/0/0/0/0/0/0/0/0 Lore% 0 Gallery% 0 Achievement% 1 Wizard Run 0 Options --------- Layout 1 ASCII 0 Keyboard 0 Movement Mouse Keybinds 0 Fullscreen 1 Font 24/Smallcaps Map View 50x35 Zoom Use 0% Tactical HUD 1 Map Filters NONE Filters NONE Steam 1 RUN: 02d88971-1027-4da6-a074-41fe78a500b1